 Dungeon Crawl Stone Soup version 0.24-a0-249-g2af7e837d0 (webtiles) character file.

Game seed: 14363569143224173418

9581 Redear the Knight (level 11, -24/92 HPs)
             Began as a Demonspawn Skald on Apr 13, 2019.
             Was a Priest of Okawaru.
             Annihilated by a red ugly thing (25 damage)
             ... on level 12 of the Dungeon.
             The game lasted 00:39:43 (12067 turns).

Redear the Knight (Demonspawn Skald)               Turns: 12067, Time: 00:39:44

Health: -24/92     AC:  5    Str: 13      XL:     11   Next: 24%
Magic:  0/7        EV: 19    Int: 15      God:    Okawaru [***...]
Gold:   714        SH:  0    Dex: 11 (12) Spells: 6/14 levels left

rFire    x . .     SeeInvis .   C - +7 flail of the Asp {antimagic, rC+}
rCold    + + .     Gourm    .   (no shield)
rNeg     . . .     Faith    .   b - +0 leather armour
rPois    .         Spirit   +   (helmet restricted)
rElec    .         Reflect  .   o - scarf {repulsion}
rCorr    .         Harm     .   (no gloves)
MR       .....                  G - +0 pair of boots
Stlth    ++........             c - amulet of guardian spirit {Spirit}
HPRegen  0.25/turn              A - ring of attention (curse)
MPRegen  0.10/turn              O - ring of ice {rC+ rF-}

@: heroism, repel missiles
A: antennae 1, repulsion field 1, clumsy 1, nightstalker 1, robust 1, spiny 2
a: Heroism, Renounce Religion


You were on level 12 of the Dungeon.
You worshipped Okawaru.
Okawaru was most pleased with you.
You were hungry.

You visited 2 branches of the dungeon, and saw 13 of its levels.
You also visited: Sewer.

You collected 714 gold pieces.

Inventory:

Hand Weapons
 a - a +0 falchion
 s - a +2 dagger of chaos
 t - a +0 spear
 C - the +7 flail of the Asp (weapon) {antimagic, rC+}
   (You found it on level 4 of the Dungeon)

   It reduces the magical energy of the wielder, and disrupts the spells and
   magical abilities of those hit.
   Natural abilities and divine invocations are not affected.
   It protects you from cold.
 F - a +2 spear of piercing
 H - a +0 short sword of protection
 L - a +4 dire flail
 N - a +2 antimagic dagger
Missiles
 Z - 2 throwing nets (quivered) {+f}
Armour
 b - a +0 leather armour (worn)
 o - a scarf of repulsion (worn)
 G - a +0 pair of boots (worn)
 K - a +1 robe of the Archmagi
 S - a +1 robe of cold resistance
Jewellery
 c - an amulet of guardian spirit (around neck) {Spirit}
 e - an uncursed ring of flight {+Fly}
 f - an uncursed ring of protection from fire {rF+}
 g - an uncursed ring of ice {rC+ rF-}
 p - a +2 ring of protection
 y - a +3 ring of slaying
 A - a cursed ring of attention (left hand)
 E - a +3 ring of strength
 O - a ring of ice (right hand) {rC+ rF-}
Wands
 P - a wand of paralysis (7)
Scrolls
 h - 2 scrolls of immolation {unknown}
 j - 3 scrolls of amnesia
 k - 6 scrolls of remove curse {unknown}
 n - 3 scrolls of enchant weapon
 u - 2 scrolls of fog
 w - a scroll of random uselessness
 B - 2 scrolls of enchant armour {unknown}
 I - 2 scrolls of magic mapping {unknown}
 J - a scroll of blinking {unknown}
 M - 2 scrolls of vulnerability
 R - a scroll of identify {@r1}
 T - 4 scrolls of teleportation {@r3}
Potions
 d - a potion of magic
 i - 3 potions of resistance {rF+ rC+ rPois rElec rCorr}
 l - 5 potions of flight
 r - 2 potions of mutation {!q}
 v - a potion of cancellation
 x - 4 potions of lignification
 D - 2 potions of brilliance {Archmagi Int+5 Wiz++}
Comestibles
 z - 20 rations


   Skills:
 - Level 7.4(12.4) Fighting
 - Level 5.9(10.9) Long Blades
 + Level 4.1(9.1) Maces & Flails
 - Level 0.8(5.8) Armour
 - Level 6.8(11.8) Dodging
 - Level 2.0 Spellcasting
 - Level 2.6 Charms
 - Level 15.0 Invocations


You had 6 spell levels left.
You knew the following spells:

 Your Spells              Type           Power        Failure   Level  Hunger
h - Shroud of Golubria    Chrm/Tloc      #.........   24%         2    ###....
y - Song of Slaying       Chrm           #.......     14%         2    ###....
z - Infusion              Chrm           #...         9%          1    #......
R - Regeneration          Chrm/Necr      #.........   43%         3    ###....

Your spell library contained the following spells:

 Spells                   Type           Power        Failure   Level  Hunger
 Magic Dart               Conj           #...         26%         1    #......
 Summon Small Mammal      Summ           #...         26%         1    #......
 Call Imp                 Summ           #.......     38%         2    ###....
 Searing Ray              Conj           #.....       38%         2    ###....
 Spectral Weapon          Hex/Chrm       #.......     43%         3    ###....
 Call Canine Familiar     Summ           #.......     63%         3    ###....
 Dazzling Spray           Conj/Hex       #.....       63%         3    ###....
 Summon Guardian Golem    Hex/Summ       #.......     63%         3    ###....
 Force Lance              Conj/Tloc      #.......     95%         4    #####..
 Fulminant Prism          Conj/Hex       #.........   95%         4    #####..
 Iskenderun's Mystic Bla  Conj           #.......     95%         4    #####..
 Summon Ice Beast         Ice/Summ       #.......     95%         4    #####..
 Summon Lightning Spire   Summ/Air       #.......     95%         4    #####..


Dungeon Overview and Level Annotations

Branches:
Dungeon (12/15)            Temple (1/1) D:4             Orc (0/2) D:10
   Lair: D:8-11

Altars:
Ashenzari
Cheibriados
Dithmenos
Elyvilon
Fedhas
Gozag
Hepliaklqana
Kikubaaqudgha
Makhleb
Nemelex Xobeh
Okawaru
Qazlal
Ru
Sif Muna
Trog
Uskayaw
Vehumet
Wu Jian
Xom
Yredelemnul
Zin
The Shining One

Shops:
D:8 =

Annotations:
D:5 5 runed translucent doors


Innate Abilities, Weirdness & Mutations

You have a pair of small antennae on your head.
You are surrounded by a mild repulsion field. (EV +2)
You are slightly more attuned to the shadows.
You are mostly covered in sharp spines.
You are clumsy. (Dex -2)
You are robust. (+10% HP)


Message History

Unknown command.
Okay, then.
Okay, then.
Wield which item (- for none, * to show all)? (? for menu, Esc to quit)
You feel magic leave you.
C - the +7 flail of the Asp (weapon)
{antimagic, rC+} You barely miss the red ugly thing.
The red ugly thing is heavily wounded.
The red ugly thing is struck by your spines.
The red ugly thing tentacle-slaps you.
* * * LOW HITPOINT WARNING * * *
You are engulfed in flames!!
The fire burns you terribly!
* * * LOW HITPOINT WARNING * * *
You take 18 damage, and have 6/92 hp.
You now have 2/7 mp.
Unknown command.
Okay, then.
The red ugly thing tentacle-slaps you!
* * * LOW HITPOINT WARNING * * *
You are engulfed in flames!!
The fire burns you terribly!
You die...

###########
#...<......
#.######### #.#
###.##################
)...............@u...#
.#########.#########.#
.# #.# #.# .#
#.####### ... .###
#.....<.#.#.## ...#
#######.#.#.# .#.#
#.#.#.# .#.# #.#.#.#
.#.# #.#.#^#


You could see a red ugly thing.

Vanquished Creatures
  Harold (D:7)
  Pikel (D:9)
  A kobold demonologist (D:12)
  2 trolls
  3 hornets
  2 hippogriffs
  Sigmund (D:3)
  Eustachio (D:6)
  A vampire mosquito (D:10)
  A hungry ghost (D:8)
  Duvessa (D:7)
  A hornet zombie (D:7)
  3 slaves (D:9)
  4 sky beasts
  4 ice beasts
  2 orc warriors
  7 ogres
  3 black bears
  A phantom (D:5)
  5 centaurs
  2 necrophages
  2 crocodiles
  A big kobold (D:10)
  4 bullfrogs
  A gnoll sergeant (D:9)
  2 wyvern zombies
  Dowan (D:7)
  A scorpion (D:6)
  4 killer bees
  A water moccasin skeleton (D:7)
  17 wights
  8 howler monkeys
  8 crimson imps
  A quasit (D:10)
  2 jellies
  3 bullfrog skeletons
  A bullfrog zombie (D:7)
  2 orc priests
  7 hounds
  A centaur skeleton (D:9)
  An iguana (D:6)
  6 orc wizards
  9 worker ants
  2 killer bee zombies
  A hound zombie (D:10)
  A hound skeleton (D:8)
  A mummy (D:7)
  3 worker ant zombies
  9 gnolls
  A howler monkey skeleton (D:6)
  16 adders
  2 river rats (D:5)
  A shadow imp (D:10)
  An adder skeleton (D:9)
  An adder zombie (D:5)
  5 worms
  4 leopard geckos
  26 orcs
  5 giant cockroaches
  6 goblins
  7 hobgoblins
  10 jackals
  3 quokkas
  2 ball pythons
  8 bats
  8 frilled lizards
  A jackal zombie (D:6)
  7 kobolds
  2 leopard gecko skeletons
  9 rats
272 creatures vanquished.

Notes
Turn   | Place    | Note
-------+----------+-------------------------------------------
     0 | D:1      | Redear the Demonspawn Skald began the quest for the Orb.
     0 | D:1      | Reached XP level 1. HP: 16/16 MP: 3/3
   159 | D:1      | Reached skill level 2 in Long Blades
   159 | D:1      | Reached skill level 2 in Dodging
   584 | D:1      | Gained mutation: You are partially covered in sharp spines.
                  | [demonic ancestry]
   584 | D:1      | Reached XP level 2. HP: 21/22 MP: 5/5
  1354 | D:2      | Gained mutation: You are slightly more attuned to the
                  | shadows. [demonic ancestry]
  1354 | D:2      | Reached XP level 3. HP: 26/28 MP: 6/6
  1800 | D:2      | Reached XP level 4. HP: 34/34 MP: 7/7
  1873 | D:2      | Reached skill level 3 in Fighting
  1954 | D:3      | Found a shadowy altar of Dithmenos.
  1972 | D:3      | Found a burning altar of Makhleb.
  2037 | D:3      | Noticed Sigmund
  2057 | D:3      | Killed Sigmund
  2057 | D:3      | Reached skill level 3 in Long Blades
  2057 | D:3      | Reached skill level 3 in Dodging
  2057 | D:3      | Reached XP level 5. HP: 42/42 MP: 5/8
  2336 | D:3      | Found a shimmering altar of Xom.
  2340 | D:3      | Reached XP level 6. HP: 48/48 MP: 9/9
  2351 | D:3      | Reached skill level 4 in Fighting
  2587 | D:3      | Reached skill level 4 in Dodging
  2665 | D:3      | Reached skill level 4 in Long Blades
  2868 | D:3      | Reached XP level 7. HP: 36/55 MP: 2/10
  3034 | D:4      | Reached skill level 5 in Fighting
  3128 | D:4      | Found a staircase to the Ecumenical Temple.
  3300 | Temple   | Entered the Ecumenical Temple
  3668 | D:4      | Found a blossoming altar of Fedhas.
  3698 | D:4      | Reached skill level 5 in Long Blades
  3698 | D:4      | Reached skill level 5 in Dodging
  3731 | D:4      | Learned a level 2 spell: Shroud of Golubria
  3735 | D:4      | Learned a level 3 spell: Regeneration
  3738 | D:4      | Learned a level 2 spell: Song of Slaying
  3755 | D:5      | Entered Level 5 of the Dungeon
  3885 | D:5      | Gained mutation: You are surrounded by a mild repulsion
                  | field. (EV +2) [demonic ancestry]
  3885 | D:5      | Reached XP level 8. HP: 37/64 MP: 3/11
  4121 | D:5      | Found a glowing drain.
  4142 | Sewer    | Entered a sewer
  4271 | Sewer    | Reached skill level 6 in Fighting
  4499 | D:5      | Found the +9 staff of Olgreb {rPois}
  4505 | D:5      | Found a runed translucent gate.
  4529 | D:5      | Found a runed translucent gate.
  4530 | D:5      | Found a runed translucent door.
  4543 | D:5      | Found a runed translucent gate.
  4881 | D:5      | Found an ornate altar of the Wu Jian Council.
  4925 | D:5      | Found a sacrificial altar of Ru.
  4976 | D:5      | Found a runed translucent door.
  5036 | D:6      | Reached skill level 6 in Dodging
  5149 | D:6      | Found an opulent altar of Gozag.
  5230 | D:6      | Noticed Eustachio
  5266 | D:6      | Killed Eustachio
  5266 | D:6      | Reached skill level 7 in Fighting
  5445 | D:6      | Reached XP level 9. HP: 70/72 MP: 10/12
  5789 | D:6      | Found an ancient bone altar of Kikubaaqudgha.
  5789 | D:6      | Found an iron altar of Okawaru.
  5793 | D:6      | Became a worshipper of Warmaster Okawaru
  5874 | D:7      | Reached skill level 1 in Invocations
  5898 | D:7      | Reached skill level 2 in Invocations
  5972 | D:7      | Reached skill level 3 in Invocations
  6088 | D:7      | Noticed Duvessa
  6088 | D:7      | Noticed Dowan
  6097 | D:7      | Killed Duvessa
  6097 | D:7      | Reached skill level 4 in Invocations
  6106 | D:7      | Killed Dowan
  6159 | D:7      | Reached skill level 5 in Invocations
  6181 | D:7      | Found a snail-covered altar of Cheibriados.
  6184 | D:7      | Noticed Harold
  6477 | D:7      | Reached * piety under Okawaru
  6490 | D:7      | Reached skill level 6 in Invocations
  6492 | D:7      | HP: 7/72 [hornet zombie (6)]
  6826 | D:7      | You fall through a shaft for 2 floors!
  6846 | D:9      | Reached skill level 7 in Invocations
  6886 | D:9      | Noticed a troll
  6895 | D:9      | Killed a troll
  6895 | D:9      | Reached skill level 8 in Invocations
  7103 | D:9      | Paralysed by a hornet for 1 turns
  7113 | D:9      | Reached skill level 9 in Invocations
  7117 | D:9      | Reached ** piety under Okawaru
  7125 | D:9      | HP: 7/72 [poisoned by a hornet]
  7131 | D:9      | HP: 5/72 [poisoned by a hornet]
  7135 | D:9      | Gained mutation: You are clumsy. (Dex -2) [potion of
                  | mutation]
  7135 | D:9      | Gained mutation: You are robust. (+10% HP) [potion of
                  | mutation]
  7139 | D:9      | HP: 4/79 [poisoned by a hornet]
  7678 | D:9      | Reached skill level 10 in Invocations
  7752 | D:9      | Gained mutation: You have a pair of small antennae on your
                  | head. [demonic ancestry]
  7752 | D:9      | Reached XP level 10. HP: 60/86 MP: 10/17
  7807 | D:9      | Noticed Pikel
  7863 | D:9      | Killed Pikel
  7863 | D:9      | Reached skill level 11 in Invocations
  9101 | D:8      | Reached skill level 12 in Invocations
  9449 | D:8      | Reached skill level 13 in Invocations
  9613 | D:8      | Reached *** piety under Okawaru
  9769 | D:8      | Found Zuifivi's Jewellery Shop.
 10269 | D:7      | Killed Harold
 10269 | D:7      | Reached skill level 14 in Invocations
 10411 | D:4      | Got an ancient flail
 10414 | D:4      | Identified the +7 flail of the Asp {antimagic, rC+} (You
                  | found it on level 4 of the Dungeon)
 10617 | D:10     | Entered Level 10 of the Dungeon
 10622 | D:10     | Found a staircase to the Orcish Mines.
 10802 | D:10     | Reached skill level 1 in Maces & Flails
 10919 | D:10     | Gained mutation: You are mostly covered in sharp spines.
                  | [demonic ancestry]
 10919 | D:10     | Reached XP level 11. HP: 29/92 MP: 3/22
 11278 | D:10     | Reached skill level 2 in Maces & Flails
 11494 | D:10     | You fall through a shaft!
 11503 | D:11     | Reached skill level 15 in Invocations
 11509 | D:11     | Reached **** piety under Okawaru
 11714 | D:12     | Reached skill level 3 in Maces & Flails
 11947 | D:12     | Noticed a soul eater
 11965 | D:12     | Received a gift from Okawaru
 11965 | D:12     | Reached skill level 4 in Maces & Flails
 12052 | D:12     | Noticed a red ugly thing
 12066 | D:12     | HP: 6/92 [red ugly thing (17)]
 12067 | D:12     | HP: 1/92 [red ugly thing (5)]
 12067 | D:12     | Annihilated by a red ugly thing

Levels and vault maps discovered:
D:1:      lemuel_arrival_hallway, layout_basic, minmay_ruptured
D:2:      layout_basic, first_ration
D:3:      layout_loops_ring, lemuel_round_altar, led_xom_imps,
          grunt_dithmenos_smoke, uniq_sigmund
D:4:      layout_basic, fedhas_bush_and_centaur_altar, minmay_temple_entry_fiery
D:5:      layout_basic, kennysheep_little_box, marbit_many_paths,
          portal_sewer_entry_a, minmay_guarded_unrand_staff_of_olgreb
D:6:      layout_loops_ring, gammafunk_temple_overflow_wave,
          nicolae_gozag_seed_capital, uniq_eustachio
D:7:      layout_gridville, kennysheep_mini, serial_undead, serial_undead_c,
          serial_undead_e, serial_undead_f, serial_undead_b, serial_undead_b,
          serial_undead_c, uniq_duvessa, uniq_harold
D:8:      layout_rooms, serial_shops, shop, grunt_ministairs_14
D:9:      layout_layer_cave, hangedman_pestilent_swarm, uniq_pikel
D:10:     minmay_imperfect_grid, layout_loops_ring
D:11:     layout_basic, david_lair_shrubbed
D:12:     layout_loops_ring, tgw_sif
Temple:   oiseaux_autumnal_temple
Sewer:    sewer_big_baddie

Skill      XL: |  1  2  3  4  5  6  7  8  9 10 11 |
---------------+----------------------------------+-----
Long Blades    | 2 3 4 5 |  5.9
Dodging        | 2 3 4 5 6 |  6.8
Fighting       | 3 4 5 7 |  7.4
Invocations    | 10 14 15 | 15.0
Maces & Flails | 1 4 |  4.1
Armour         | |  0.8
Spellcasting   | |  2.0
Charms         | |  2.6

Action                   |  1- 3 |  4- 6 |  7- 9 | 10-12 || total
-------------------------+-------+-------+-------+-------++-------
Melee: Falchion          |    88 |    74 |   345 |   345 ||   852
       Punch             |       |       |     1 |     5 ||     6
       Flail             |       |       |       |    45 ||    45
 Cast: Infusion          |     4 |     5 |    17 |     7 ||    33
       Song of Slaying   |       |       |     1 |       ||     1
       Regeneration      |       |       |       |     1 ||     1
Invok: Heroism           |       |       |     2 |    14 ||    16
  Use: Potion            |       |     3 |     8 |     6 ||    17
       Scroll            |       |       |       |     8 ||     8
 Stab: Sleeping          |     1 |     1 |     9 |     7 ||    18
       Invisible         |       |       |       |     1 ||     1
  Eat: Chunk             |     2 |     4 |    17 |     9 ||    32
       Ration            |       |       |       |     2 ||     2
Armor: Leather armour    |    20 |    18 |    71 |    63 ||   172
       Skin              |       |       |     1 |       ||     1
Dodge: Dodged            |    50 |    51 |   237 |   355 ||   693
       Deflected         |       |       |       |     3 ||     3
       Rpst.: Falchion   |    16 |     8 |    74 |    86 ||   184

Table legend:
 A = Non-vault XP
 B = Vault XP
 C = Vault XP percentage of total XP
 D = Non-vault monster count
 E = Vault monster count
 F = Vault count percentage of total count
                 A         B        C        D         E       F
            +---------+---------+-------+---------+---------+-------
      Total |    8606 |    5082 |  37.1 |     211 |      58 |  21.6
            +---------+---------+-------+---------+---------+-------
        D:1 |      24 |       2 |   7.7 |      17 |       2 |  10.5
        D:2 |      72 |       0 |   0.0 |      19 |       0 |   0.0
        D:3 |     241 |     417 |  63.4 |      22 |       5 |  18.5
        D:4 |     426 |     115 |  21.3 |      18 |       1 |   5.3
        D:5 |     741 |      60 |   7.5 |      21 |       4 |  16.0
        D:6 |     622 |     165 |  21.0 |      18 |       1 |   5.3
        D:7 |     343 |    1781 |  83.9 |       7 |      11 |  61.1
        D:8 |    1983 |     176 |   8.2 |      35 |       6 |  14.6
        D:9 |    1663 |    1208 |  42.1 |      25 |       5 |  16.7
       D:10 |    1068 |    1050 |  49.6 |      20 |      17 |  45.9
       D:11 |     405 |       0 |   0.0 |       3 |       0 |   0.0
       D:12 |    1018 |       0 |   0.0 |       6 |       0 |   0.0
      Sewer |       0 |     108 | 100.0 |       0 |       6 | 100.0
            +---------+---------+-------+---------+---------+-------
